 Dungeon Sprint DCSS version 0.23-a0-516-g0f8c245 (webtiles) character file.

450 JosiahThimblerig the Fighter (level 7, -14/70 HPs)
             Began as a Hill Orc Fighter on Dec 5, 2018.
             Was an Initiate of Vehumet.
             Demolished by Sonja
             ... wielding a +0 short sword of distortion
              (20 damage)
             ... in the Dungeon (Sprint I: "Red Sonja").
             The game lasted 00:07:06 (719 turns).

JosiahThimblerig the Fighter (Hill Orc Fighter)      Turns: 719, Time: 00:07:09

Health: -14/70     AC:  8    Str: 19    XL:     7   Next: 4%
Magic:  7/7        EV:  9    Int:  9    God:    Vehumet [......]
Gold:   47         SH: 11    Dex: 11    Spells: 6/6 levels left

rFire    . . .     SeeInvis .   a - +0 war axe
rCold    . . .     Gourm    .   c - +0 shield
rNeg     . . .     Faith    .   b - +0 scale mail
rPois    .         Spirit   .   (no helmet)
rElec    .         Reflect  .   (no cloak)
rCorr    .         Harm     .   (no gloves)
MR       .....     NoTele   +   (no boots)
Stlth    ..........             (no amulet)
HPRegen  0.21/turn              (no ring)
MPRegen  0.10/turn              (no ring)

@: very slightly contaminated, slowed, very slow
A: no striking features
a: Renounce Religion


You were in the Dungeon.
You worshipped Vehumet.
Vehumet was noncommittal.
You were not hungry.

You visited 1 branch You collected 297 gold pieces.
You spent 250 gold pieces at shops.

Inventory:

Hand Weapons
 a - a +0 war axe (weapon)
 g - a +0 scythe
 m - a +0 dagger
 n - a +0 giant club
Missiles
 p - 9 poisoned needles (quivered)
Armour
 b - a +0 scale mail (worn)
 c - a +0 shield (worn)
 o - a +1 robe
 q - a +0 ring mail
Potions
 d - a potion of might
 h - a potion of haste
 i - 2 potions of magic
 j - a potion of berserk rage
Comestibles
 f - 6 rations
 l - 5 chunks of flesh


   Skills:
 + Level 9.5 Fighting
 + Level 7.6 Axes
 + Level 9.2 Armour
 + Level 2.5 Dodging
 + Level 8.7 Shields
 + Level 1.2 Unarmed Combat


You had 6 spell levels left.
You didn't know any spells.
Your spell library was empty.

Dungeon Overview and Level Annotations

Branches:
Dungeon (1/1)

Altars:
Cheibriados
Dithmenos
Elyvilon
Fedhas
Gozag
Hepliaklqana
Kikubaaqudgha
Nemelex Xobeh
Okawaru
Qazlal
Ru
Sif Muna
Trog
Uskayaw
Vehumet
Wu Jian
Yredelemnul
Zin
The Shining One

Shops:
D %

Annotations:
D Sonja


Message History

You see here 27 gold pieces.
Sonja hits you with a +0 short sword of distortion.
* * * LOW HITPOINT WARNING * * *
You feel a strange sense of stasis. You block Sonja's attack.
Sonja barely misses you. You block Sonja's attack. Sonja barely misses you.
Sonja hits you with a +0 short sword of distortion.
* * * LOW HITPOINT WARNING * * *
Space bends around you.
* * * LOW HITPOINT WARNING * * *
You see here 27 gold pieces.
You miss Sonja.
Sonja mumbles some strange words.
Sonja blinks!
Sonja hits you with a +0 short sword of distortion.
* * * LOW HITPOINT WARNING * * *
You feel a strange sense of stasis. You block Sonja's attack.
Sonja hits you with a +0 short sword of distortion.
* * * LOW HITPOINT WARNING * * *
Space warps horribly around you!
You die...

#..'[.#..'..#..+
#..#####'#####'#
#..####..#...#.#
#..#__####..##.#
#..#_____##'#_.+
#⌠⌠#_.∩...÷..._#
####_..__##_(#+#
#_____###K#
#########@##
+$.$+ #$.$#
##(## #+#


You could see Sonja.

Vanquished Creatures
  Sigmund (D)
  A yak (D)
  An ogre (D)
  A jelly (D)
  Ijyb (D)
5 creatures vanquished.

Notes
Turn   | Place    | Note
-------+----------+-------------------------------------------
     0 | D        | JosiahThimblerig the Hill Orc Fighter began the quest for
                  | the Orb.
     0 | D        | Reached XP level 1. HP: 19/19 MP: 1/1
     1 | D        | Noticed Ijyb
    46 | D        | Killed Ijyb
    46 | D        | Reached skill level 5 in Fighting
    46 | D        | Reached XP level 2. HP: 11/29 MP: 2/2
    46 | D        | Reached XP level 3. HP: 14/36 MP: 3/3
   233 | D        | Noticed an ogre
   241 | D        | Killed an ogre
   241 | D        | Reached skill level 1 in Dodging
   241 | D        | Reached XP level 4. HP: 17/45 MP: 4/4
   434 | D        | Noticed Sigmund
   447 | D        | HP: 1/45 [something (8)]
   452 | D        | Killed Sigmund
   452 | D        | Reached skill level 1 in Unarmed Combat
   452 | D        | Reached XP level 5. HP: 18/56 MP: 5/5
   452 | D        | Reached XP level 6. HP: 20/62 MP: 6/6
   466 | D        | Found an ornate altar of the Wu Jian Council.
   466 | D        | Found a deep blue altar of Sif Muna.
   468 | D        | Found a radiant altar of Vehumet.
   486 | D        | Became a worshipper of Vehumet
   693 | D        | Found Ytaikhloe's Food Emporium.
   693 | D        | Found an ancient bone altar of Kikubaaqudgha.
   693 | D        | Found a hazy altar of Hepliaklqana.
   693 | D        | Found a stormy altar of Qazlal.
   693 | D        | Found a hide-covered altar of Uskayaw.
   693 | D        | Found a blossoming altar of Fedhas.
   693 | D        | Found a bloodstained altar of Trog.
   693 | D        | Found an iron altar of Okawaru.
   693 | D        | Found a basalt altar of Yredelemnul.
   693 | D        | Found a glowing golden altar of the Shining One.
   693 | D        | Found a snail-covered altar of Cheibriados.
   693 | D        | Found a sacrificial altar of Ru.
   693 | D        | Found a glowing silver altar of Zin.
   693 | D        | Found a shadowy altar of Dithmenos.
   693 | D        | Found a white marble altar of Elyvilon.
   693 | D        | Noticed a yak
   697 | D        | Killed a yak
   697 | D        | Reached XP level 7. HP: 26/70 MP: 7/7
   698 | D        | Found an opulent altar of Gozag.
   701 | D        | Found a sparkling altar of Nemelex Xobeh.
   705 | D        | Bought a ration for 50 gold pieces
   705 | D        | Bought a ration for 50 gold pieces
   705 | D        | Bought a ration for 50 gold pieces
   705 | D        | Bought a ration for 50 gold pieces
   705 | D        | Bought a ration for 50 gold pieces
   711 | D        | Noticed Sonja
   719 | D        | Demolished by Sonja

Vault maps used:
D:        dungeon_sprint_1

Skill      XL: |  1  2  3  4  5  6 |
---------------+-------------------+-----
Fighting       | 5 6 8 9 |  9.5
Axes           | 3 4 6 7 |  7.6
Armour         | 4 6 8 9 |  9.2
Shields        | 4 6 7 8 |  8.7
Dodging        | 1 2 |  2.5
Unarmed Combat | 1 |  1.2

Action                   |  1- 3 |  4- 6 |  7- 9 || total
-------------------------+-------+-------+-------++-------
Melee: War axe           |    32 |    23 |     1 ||    56
       Unarmed           |    19 |       |       ||    19
  Use: Potion            |       |     1 |     1 ||     2
       Scroll            |       |       |     1 ||     1
Armor: Skin              |     8 |       |       ||     8
       Scale mail        |     1 |     3 |     2 ||     6
Dodge: Dodged            |     7 |       |     2 ||     9
Block: Shield            |    16 |     1 |     6 ||    23

Table legend:
 A = Non-vault XP
 B = Vault XP
 C = Vault XP percentage of total XP
 D = Non-vault monster count
 E = Vault monster count
 F = Vault count percentage of total count
                 A         B        C        D         E       F
            +---------+---------+-------+---------+---------+-------
      Total |       0 |     644 | 100.0 |       0 |       5 | 100.0
            +---------+---------+-------+---------+---------+-------
          D |       0 |     644 | 100.0 |       0 |       5 | 100.0
            +---------+---------+-------+---------+---------+-------
